 Dungeon Crawl Stone Soup version 0.20.0-8-g6b59dc7 (webtiles) character file.

98 Monsterracer the Insei (level 4, 0/32 HPs)
             Began as a Barachi Transmuter on May 30, 2017.
             Killed from afar by an orc wizard (13 damage)
             ... with a puff of flame
             ... on level 4 of the Dungeon.
             The game lasted 00:04:26 (2574 turns).

Monsterracer the Insei (Barachi Transmuter)         Turns: 2574, Time: 00:04:27

Health: 0/32       AC:  3    Str: 11    XL:     4   Next: 71%
Magic:  2/7        EV: 12    Int: 15    God:
Gold:   78         SH:  0    Dex: 12    Spells: 1/7 levels left

rFire    . . .     SeeInvis .     - Unarmed
rCold    . . .     Gourm    .   (no shield)
rNeg     . . .     Faith    .   b - +0 robe
rPois    .         Spirit   .   (no helmet)
rElec    .         Reflect  .   (no cloak)
rCorr    .         Harm     .   k - +0 pair of gloves
MR       .....                  (no boots)
Stlth    +.........             (no amulet)
Regen    0.1/turn               (no ring)
MPRegen  0.1/turn               (no ring)

@: very slightly contaminated, slow
A: +LOS, swims, slowness 1, strong legs 1
a: Hop


You were on level 4 of the Dungeon.
You were hungry.

You visited 1 branch of the dungeon, and saw 3 of its levels.

You collected 78 gold pieces.

Inventory:

Missiles
 a - 30 arrows
Armour
 b - a +0 robe (worn)
 k - a +0 pair of gloves (worn)
 m - a +1 ring mail of fire resistance
Scrolls
 e - 2 scrolls of magic mapping {unknown}
 g - 3 scrolls of amnesia {unknown}
 h - a scroll of fog {unknown}
 i - 2 scrolls of enchant weapon {unknown}
 j - 2 scrolls of identify {unknown}
 l - a scroll of noise {unknown}
 n - a scroll of fear {unknown}
 p - a scroll of remove curse {unknown}
 r - a scroll of enchant armour {unknown}
 s - a scroll of random uselessness {unknown}
Potions
 o - a potion of lignification
Books
 c - a book of Changes

   Spells                             Type                      Level
   a - Beastly Appendage              Transmutation                1
   b - Sticks to Snakes               Transmutation                2
   c - Spider Form                    Transmutation/Poison         3
   d - Ice Form                       Ice/Transmutation            4
   e - Blade Hands                    Transmutation                5
Comestibles
 d - 2 bread rations
 f - 2 fruits
 q - a meat ration


   Skills:
 - Level 1.2 Fighting
 - Level 2.1 Dodging
 + Level 5.8 Unarmed Combat
 - Level 2.1 Spellcasting
 - Level 2.1 Transmutations


You had one spell level left.
You knew the following spells:

 Your Spells              Type           Power        Failure   Level  Hunger
a - Beastly Appendage     Tmut           #.....       9%          1    #......
b - Sticks to Snakes      Tmut           #.......     13%         2    ###....
c - Spider Form           Tmut/Pois      #.........   38%         3    ###....


Dungeon Overview and Level Annotations

Branches:
Dungeon (2/15)

Altars:


Innate Abilities, Weirdness & Mutations

Shadows flee at your approach. (+LOS)
You can swim through water.
You cover ground slowly.
You can hop short distances.


Message History

The iguana barely misses you.
You barely miss the iguana. Your headbutt misses the iguana.
The iguana is almost dead.
The iguana bites you!
* * * LOW HITPOINT WARNING * * *
You punch the iguana!
You kill the iguana!
An orc comes into view. It is wielding a flail.
The orc shouts!
You see here a scroll labeled COYHUD DAMEFAI.
g - 3 scrolls labeled COYHUD DAMEFAI (gained 1)
Your horns disappear.
A giant cockroach comes into view.
An orc wizard comes into view. It is wielding a dagger.
There is a stone staircase leading down here.
The orc wizard shouts!
An orc comes into view. It is wielding a dagger.
The orc wizard gestures at you while chanting.
The puff of flame hits you!
You die...

##.........#
#..........##
##...........#### .##
#..........#.#... ...#
#..........#....# ......
##..........#.####
.......###...........#.#
.........#.............##
...........@...........#
#..............[....##.#
#.............######.##
#....>...>...# .
#...........#### #.
##....o...........
##...o..............
#...................
...oo................


You could see an orc wizard and 3 orcs.

Vanquished Creatures
  An iguana (D:4)
  2 adders (D:2)
  2 worms (D:2)
  A dart slug (D:1)
  An orc (D:4)
  3 giant cockroaches (D:1)
  4 goblins (D:2)
  7 hobgoblins
  2 jackals (D:2)
  A quokka (D:2)
  7 bats
  4 frilled lizards
  6 kobolds
  6 rats
47 creatures vanquished.

Notes
Turn   | Place    | Note
-------+----------+-------------------------------------------
     0 | D:1      | Monsterracer the Barachi Transmuter began the quest for the Orb.
     0 | D:1      | Reached XP level 1. HP: 15/15 MP: 3/3
   269 | D:1      | Reached XP level 2. HP: 10/21 MP: 3/5
   277 | D:1      | Reached skill level 4 in Unarmed Combat
   738 | D:1      | Learned a level 2 spell: Sticks to Snakes
  1234 | D:1      | Reached XP level 3. HP: 25/26 MP: 6/6
  1497 | D:2      | Learned a level 3 spell: Spider Form
  1889 | D:2      | Reached skill level 5 in Unarmed Combat
  2145 | D:2      | Reached XP level 4. HP: 32/32 MP: 7/7
  2370 | D:2      | You fall through a shaft for 2 floors!
  2574 | D:4      | Killed from afar by an orc wizard

Skill      XL: |  1  2  3 |
---------------+----------+-----
Unarmed Combat | 4 5 |  5.8
Fighting       | |  1.2
Dodging        | |  2.1
Spellcasting   | |  2.1
Transmutations | |  2.1

Action                   |  1- 3 |  4- 6 || total
-------------------------+-------+-------++-------
Melee: Unarmed           |   143 |    30 ||   173
       Kick              |     2 |       ||     2
       Punch             |     4 |       ||     4
       Headbutt          |       |     2 ||     2
 Cast: Beastly Appendage |     3 |     1 ||     4
       Spider Form       |     3 |       ||     3
  Use: Potion            |     7 |       ||     7
 Stab: Sleeping          |       |     1 ||     1
  Eat: Chunk             |     5 |     1 ||     6
Armor: Robe              |    30 |     4 ||    34
       Skin              |     2 |       ||     2
Dodge: Dodged            |   122 |    16 ||   138
